Map: Ascension to Aiur LE

Players

Revolution

  • Race: Zerg Zerg
  • Spawn Location: 11:00

SpeCial - Winner!

  • Race: Terran Terran
  • Spawn Location: 5:00

Event: WCS Montreal 2017

VOD

Have the link to the VOD?

Description

Time

  • Played on: Sept. 8, 2017, 3:17 p.m.
  • Length: 11:35

All games in this series

Show
View Real Time Build Order
Export as new Build Order

Revolution Zerg 

Build Orders: Hatch First 

Get SALT Encoding   

  12  0:00  Drone  
  13  0:13  Overlord  
  13  0:17  Drone  
  14  0:32  Drone x2  
  16  0:35  Drone  
  17  0:52  Hatchery  
  17  0:56  Drone  
  17  0:57  Extractor  
  17  1:01  Drone  
  17  1:15  Spawning Pool  
  16  1:19  Drone  
  16  1:21  Drone  
  18  1:30  Drone  
  19  1:39  Overlord  
  19  1:50  Drone  
  20  2:02  Queen  
  20  2:03  Zergling x2  
  20  2:04  Queen  
  20  2:05  Zergling x2  
  26  2:10  Metabolic Boost  
  27  2:15  Drone  
  27  2:16  Drone  
  28  2:27  Drone x2  
  30  2:40  Hatchery  
  29  2:51  Drone  
  29  2:52  Overlord, Drone x2  
  32  2:58  Queen  
  34  3:12  Drone  
  34  3:13  Drone x4  
  34  3:17  Overlord  
  38  3:22  Overlord  
  38  3:25  Drone x2  
  38  3:26  Drone  
  41  3:32  Drone x2  
  43  3:35  Spore Crawler  
  43  3:40  Spore Crawler  
  41  3:42  Queen  
  44  3:48  Drone  
  44  3:49  Drone  
  44  3:54  Queen  
  44  3:55  Drone  
  48  4:02  Zergling x4  
  50  4:03  Zergling x6  
  50  4:07  Drone  
  50  4:08  Drone  
  55  4:12  Queen  
  55  4:14  Overlord  
  57  4:18  Spore Crawler  
  57  4:19  Drone x2  
  58  4:37  Zergling x18  
  59  4:54  Drone x5  
  59  4:55  Drone  
  64  5:03  Queen  
  64  5:04  Drone x3  
  66  5:09  Evolution Chamber x2  
  66  5:10  Baneling Nest  
  63  5:19  Zergling x8  
  67  5:22  Queen  
  69  5:29  Overlord x2  
  69  5:31  Drone  
  69  5:32  Drone x2  
  72  5:38  Zerg Melee Weapons Level 1, Zerg Ground Armor Level 1  
  72  5:41  Drone x2  
  74  5:44  Extractor x2  
  74  5:47  Overlord, Extractor  
  74  5:48  Extractor  
  70  5:56  Baneling  
  70  5:57  Baneling x4  
  70  5:59  Hatchery  
  70  6:03  Drone  
  70  6:04  Drone x8  
  78  6:14  Lair  
  78  6:17  Drone  
  78  6:18  Extractor, Drone x6  
  84  6:20  Overlord x3  
  75  6:41  Zergling x10  
  75  6:42  Zergling x6  
  83  6:54  Overlord x2  
  82  6:56  Drone x7  
  85  7:14  Queen  
  85  7:15  Drone x3  
  90  7:20  Hydralisk Den  
  90  7:21  Centrifical Hooks  
  89  7:24  Drone x5  
  89  7:25  Drone x5  
  96  7:42  Spore Crawler  
  89  7:44  Zergling x2  
  89  7:45  Zergling x14  
  89  7:49  Zergling x8  
  89  7:50  Overseer  
  98  7:54  Muscular Augments  
  98  7:55  Zerg Ground Armor Level 2  
  98  7:56  Zerg Missile Weapons Level 1  
  97  8:13  Hydralisk x5  
  97  8:19  Spore Crawler, Hatchery  
  102  8:24  Hydralisk  
  102  8:25  Hydralisk x4  
  107  8:37  Hydralisk x5  
  107  8:38  Hydralisk  
  119  8:48  Pneumatized Carapace  
  119  8:49  Baneling  
  119  8:50  Baneling  
  119  8:51  Baneling x4  
  119  8:57  Overlord  
  119  8:58  Overlord  
  119  9:04  Overseer  
  119  9:09  Hydralisk x8  
  129  9:26  Infestation Pit  
  128  9:35  Hydralisk x8  
  138  9:55  Queen  
  138  9:56  Zergling x6  
  138  9:57  Zergling x20  
  149  10:05  Hive  
  147  10:26  Drone x5  
  147  10:27  Drone x2  
  151  10:29  Extractor x2  
  137  10:38  Zergling x16  
  145  10:44  Zergling x2  
  146  10:58  Baneling x2  
  146  10:59  Baneling x2  
  146  11:00  Hatchery  
  146  11:01  Baneling  
  146  11:02  Baneling x6  
  145  11:04  Overlord x3  
  145  11:05  Drone x4  
  145  11:09  Zergling x14  
Show
View Real Time Build Order
Export as new Build Order

SpeCial Terran - Winner!

Build Orders: Liberator Opening, Mech 

Get SALT Encoding   

  12  0:00  SCV  
  13  0:12  SCV  
  14  0:17  Supply Depot  
  14  0:25  SCV  
  15  0:38  SCV  
  15  0:40  Barracks  
  16  0:43  Refinery  
  16  0:50  SCV  
  17  1:03  SCV  
  18  1:15  SCV  
  19  1:27  Orbital Command, Marine  
  20  1:39  Command Center  
  20  1:50  Factory  
  20  1:53  SCV  
  21  2:03  Barracks Reactor  
  21  2:04  Supply Depot  
  21  2:06  SCV  
  22  2:10  Refinery  
  22  2:18  SCV  
  23  2:30  SCV  
  24  2:38  Starport  
  24  2:39  Marine x2  
  24  2:42  Widow Mine  
  24  2:43  SCV  
  29  2:52  Orbital Command  
  29  2:56  SCV  
  29  2:57  Marine x2  
  32  3:08  SCV  
  33  3:18  Medivac  
  33  3:19  SCV  
  36  3:20  Supply Depot, SCV  
  36  3:24  Hellion  
  36  3:25  Hellion  
  36  3:26  Marine  
  42  3:31  SCV  
  42  3:32  SCV  
  44  3:36  Armory  
  44  3:37  Liberator  
  44  3:43  Supply Depot, SCV  
  44  3:48  Hellion  
  47  3:50  Hellion  
  52  3:56  Barracks Tech Lab  
  52  4:02  SCV  
  53  4:04  SCV  
  53  4:05  Supply Depot  
  54  4:14  Hellion x2  
  58  4:22  Supply Depot  
  58  4:24  SCV x2  
  60  4:27  Supply Depot  
  60  4:36  SCV x2  
  60  4:39  Hellion x2  
  64  4:48  SCV x2  
  56  5:00  SCV x2  
  56  5:01  Hellion x2  
  56  5:05  Banshee, Cloaking Field  
  61  5:12  SCV x2  
  61  5:16  Command Center, Supply Depot  
  61  5:23  Refinery  
  61  5:24  SCV, Refinery  
  61  5:25  Factory, Hellion  
  61  5:27  Hellion  
  66  5:34  SCV  
  67  5:36  Terran Vehicle Weapons Level 1  
  67  5:39  SCV  
  68  5:46  SCV  
  68  5:49  Banshee  
  69  5:50  Barracks Reactor  
  69  5:52  Hellion x2  
  69  5:55  SCV  
  77  5:58  SCV  
  77  5:59  Supply Depot  
  78  6:07  SCV  
  78  6:10  SCV  
  80  6:14  Supply Depot  
  80  6:19  SCV  
  80  6:22  SCV  
  82  6:31  SCV  
  79  6:37  Cyclone x3  
  87  6:43  SCV  
  87  6:44  Orbital Command  
  85  6:47  Refinery  
  85  6:48  SCV  
  85  6:49  Cyclone, Refinery  
  90  7:00  SCV x2  
  87  7:01  Factory x2  
  87  7:09  Cyclone x2, Hellbat, Factory  
  87  7:10  SCV  
  87  7:12  SCV  
  87  7:13  SCV  
  98  7:18  Supply Depot  
  98  7:21  Hellion  
  98  7:22  SCV  
  101  7:25  Armory, SCV x2  
  101  7:28  Supply Depot  
  103  7:30  Supply Depot  
  103  7:31  Hellion  
  103  7:34  SCV  
  104  7:37  SCV  
  104  7:39  SCV  
  104  7:41  Hellion  
  104  7:42  Hellion x2  
  106  7:46  SCV  
  106  7:47  Supply Depot  
  106  7:49  SCV  
  108  7:51  SCV  
  108  7:55  Hellion  
  108  7:57  Factory Tech Lab x2  
  111  7:59  SCV  
  111  8:03  SCV x2  
  111  8:04  Thor  
  111  8:05  Starport Reactor, Hellion x2  
  120  8:15  Terran Vehicle Weapons Level 2, Infernal Pre-Igniter  
  120  8:16  Terran Vehicle And Ship Armor Level 1  
  120  8:18  Command Center  
  118  8:21  Hellion x2  
  118  8:24  Thor  
  118  8:25  Liberator x2  
  126  8:29  Supply Depot  
  126  8:37  Hellion x2  
  130  8:43  Engineering Bay  
  130  8:44  Hellion x2  
  130  8:48  SCV x3  
  143  8:50  Siege Tank  
  143  8:53  Supply Depot, Siege Tank  
  149  9:07  Hellion x2  
  149  9:11  Hellion x2  
  149  9:13  Siege Tank  
  153  9:22  SCV x3  
  156  9:28  Sensor Tower  
  153  9:32  Siege Tank x2, Hellion x2  
  153  9:33  Cyclone  
  153  9:36  Planetary Fortress  
  157  9:55  Hellion x2  
  157  9:56  Siege Tank  
  160  10:00  Hellion  
  160  10:04  Siege Tank x2  
  160  10:05  Hellion  
  170  10:09  Liberator  
  170  10:16  Hellion x2  
  174  10:21  Hellion  
  174  10:27  Hellion  
  178  10:28  Siege Tank  
  178  10:32  Refinery x2  
  178  10:34  Command Center  
  178  10:41  Command Center, Siege Tank x2  
  184  10:47  Hellion x2  
  184  10:48  Factory  
  188  10:54  Factory  
  188  10:57  Supply Depot  
  188  11:11  Command Center  
  188  11:13  Command Center  
  151  11:34  Factory Tech Lab  
Tags
 
Add a new tag
Caveats
  • Supply blocks, unpowered buildings, or Contaminate may cause inaccurate times.
  • Supply counts are checked every 10 seconds.